cohdb
Replays
Latest Replays
All Replays
Popular Replays
Top Player Replays
Match Explorer
How It Works
Community
CoH3 Stats
Reddit
Sign in to upload your games and track your stats! →
Sign in with Steam
top10 USF Special Operations style
Match 16886157
Overview
Messages
Build Orders
End
Construct Infanterie Kompanie
MG 42 Machine Gun Team
Selects Italian Coastal Battlegroup
Selects Coastal Reserves
Coastal Reserve
Coastal Reserve
Coastal Reserve
Medical Station
Selects Artillery Officer
Artillery Officer
Construct Panzergrenadier Kompanie
Pak 40 Anti-tank Gun Team
Support Elements
StuG III G Assault Gun
StuG III G Assault Gun
251 Medium Carrier
StuG III G Assault Gun
Selects Obice da 210/22 Artillery Emplacement
Pioneer Squad
StuG III G Assault Gun
Selects Support Bunkers
Selects Designated Artillery Overwatch
Selects Bulwark
StuG III G Assault Gun
StuG III G Assault Gun
Pioneer Squad
Pioneer Squad
StuG III G Assault Gun
StuG III G Assault Gun
The101stAirBorne
NaDa
KimChi
秃鹫k
Atlantis_164
Hunter Dak 2.7
†Wehrmacht_502nd†Tigergruppe
Powder
0
0
Comments
sign in to comment!
No comments posted yet!